 Dungeon Crawl Stone Soup version 0.26-a0-61-g6c07f0ee8d (webtiles) character file.

Game seed: 5590955571214554187

350 Denoxed the Skirmisher (level 6, 0/62 HPs)
             Began as a Deep Dwarf Wanderer on June 9, 2020.
             Slain by an ogre
             ... wielding a +0 giant spiked club
              (13 damage)
             ... on level 5 of the Dungeon.
             The game lasted 00:19:35 (3350 turns).

Denoxed the Skirmisher (Deep Dwarf Wanderer)        Turns: 3350, Time: 00:19:35

Health: 0/62       AC:  3    Str: 16    XL:     6   Next: 33%
Magic:  5/5        EV: 11    Int: 14    God:
Gold:   198        SH:  0    Dex: 18    Spells: 5/5 levels left

rFire    . . .     SeeInvis .   e - +2 spear (vamp)
rCold    . . .     Gourm    .   (no shield)
rNeg     . . .     Faith    .   d - +1 robe
rPois    .         Spirit   .   (no helmet)
rElec    .         Reflect  +   (no cloak)
rCorr    +         Harm     .   (no gloves)
MR       .....                  (no boots)
Stlth    ++........             m - amulet of reflection
HPRegen  0.00/turn              k - +6 ring of dexterity
MPRegen  0.09/turn              n - ring of resist corrosion

@: non-regenerating
A: damage resistance, heal wounds, sense surroundings 1, no regeneration
a: Heal Wounds


You were on level 5 of the Dungeon.
You were not hungry.

You visited 1 branch of the dungeon, and saw 5 of its levels.

You collected 198 gold pieces.

Inventory:

Hand Weapons
 c - a +0 mace
 e - a +2 vampiric spear (weapon)
Missiles
 q - a throwing net (quivered)
Armour
 d - a +1 robe (worn)
Jewellery
 k - a +6 ring of dexterity (left hand)
 m - an amulet of reflection (around neck)
 n - a ring of resist corrosion (right hand)
 p - an uncursed ring of protection from fire {unknown}
Wands
 l - a wand of flame (12)
Scrolls
 g - 2 scrolls of teleportation
 h - a scroll of amnesia
Potions
 a - a potion of invisibility
 b - 3 potions of magic
 i - a potion of resistance {unknown}
 j - 2 potions of stabbing
 o - 2 potions of curing
 r - a potion of might
Comestibles
 f - 10 rations
 s - a chunk of flesh


   Skills:
 * Level 5.6 Fighting
 + Level 3.0(3.2) Maces & Flails
   Level 1.2(2.2) Staves
 + Level 3.8 Armour
 - Level 0.1 Dodging
 - Level 2.6 Stealth


You had 5 spell levels left.
You didn't know any spells.
Your spell library was empty.

Dungeon Overview and Level Annotations

Branches:
Dungeon (5/15)             Temple (0/1) D:4

Altars:
Trog

Annotations:
D:3 Grinder
D:4 exclusion: orc priest


Innate Abilities, Weirdness & Mutations

You are resistant to damage.
You can heal yourself by infusing magical energy.
You passively map a small area around you.
You do not regenerate.


Message History

Aim: an ogre, wielding a +0 giant spiked club (severely wounded)
The puff of flame hits the ogre.
The ogre is almost dead.
Evoke which item? (* to show all) (? for menu, Esc to quit)
Aiming: Throw Flame
Press: ? - help, Shift-Dir - straight line, f/p - ogre
Aim: an ogre, wielding a +0 giant spiked club (almost dead)
The puff of flame hits the ogre.
The ogre is almost dead.
You barely miss the ogre.
The ogre is almost dead.
The ogre hits you but does no damage.
You barely miss the ogre.
The ogre is almost dead.
The ogre hits you with a +0 giant spiked club!!
* * * LOW HITPOINT WARNING * * *
You barely miss the ogre.
The ogre is almost dead.
The ogre hits you with a +0 giant spiked club!
You die...

* * * #... #...
#... , * #...
#... **
#...######### ,
,
,+....O......>*
* ,
#...@######..,
* ####.# , , ,
#.# .O. , #.#
#.#* *### , ,
#.# #.# #<# #.#
#.# #.# #.# #.#
#.# #.# #.# #.#
#######.# #.#


You could see an ogre.

Vanquished Creatures
  Sigmund (D:3)
  A bullfrog (D:4)
  Jessica (D:3)
  2 gnolls (D:3)
  2 adders (D:3)
  3 worms
  3 dart slugs
  4 leopard geckos
  3 orcs
  7 ball pythons
  A giant cockroach (D:3)
  4 goblins
  5 hobgoblins
  2 jackals (D:3)
  7 kobolds
  A quokka (D:3)
  13 bats
  3 frilled lizards (D:2)
  5 rats (D:1)
68 creatures vanquished.

Notes
Turn   | Place    | Note
-------+----------+-------------------------------------------
     0 | D:1      | Denoxed the Deep Dwarf Wanderer began the quest for the
                  | Orb.
     0 | D:1      | Denoxed set off with the following items: a +2
                  | quarterstaff, a potion of lignification, a +0 mace, a +0
                  | robe, a +0 dagger, a ration
     0 | D:1      | Reached XP level 1. HP: 21/21 MP: 1/1
   120 | D:1      | Reached skill level 4 in Fighting
   120 | D:1      | Reached XP level 2. HP: 28/30 MP: 2/2
   686 | D:2      | Found a bloodstained altar of Trog.
   740 | D:2      | Reached XP level 3. HP: 23/36 MP: 3/3
  1792 | D:3      | Noticed Grinder
  2076 | D:3      | Reached XP level 4. HP: 14/45 MP: 4/4
  2114 | D:3      | Noticed Sigmund
  2222 | D:3      | Noticed Jessica
  2249 | D:3      | Killed Jessica
  2313 | D:3      | Killed Sigmund
  2313 | D:3      | Reached skill level 5 in Fighting
  2313 | D:3      | Reached XP level 5. HP: 52/52 MP: 4/4
  2562 | D:3      | Reached XP level 6. HP: 45/61 MP: 5/5
  2837 | D:4      | Found a staircase to the Ecumenical Temple.
  3232 | D:5      | Entered Level 5 of the Dungeon
  3350 | D:5      | Slain by an ogre

Illustrated notes

Levels and vault maps discovered:
D:1:      dpeg_arrival_boxes_within_box, layout_basic, chequers_avenue,
          serial_park_tiny_pond
D:2:      minmay_alternating_diamond, layout_loops_ring,
          overflow_temple_1_default
D:3:      layout_basic, minivault_14, minmay_shallow_snake_nest, uniq_sigmund,
          uniq_jessica, uniq_grinder
D:4:      layout_gridville, minmay_temple_entry_proselytizer, first_ration,
          minmay_misc_feat_diagonals
D:5:      layout_basic, slow_altar_2

Skill      XL: |  1  2  3  4  5  6 |
---------------+-------------------+-----
Fighting       | 4 5 |  5.6
Maces & Flails | 2 3 |  3.0
Armour         | 3 |  3.8
Staves         | |  1.2
Dodging        | |  0.1
Stealth        | |  2.6

Action                   |  1- 3 |  4- 6 || total
-------------------------+-------+-------++-------
Melee: Quarterstaff      |    82 |       ||    82
       Mace              |    29 |    84 ||   113
       Spear             |       |    22 ||    22
 Abil: Heal Wounds       |       |     4 ||     4
Evoke: Wand              |       |     6 ||     6
  Use: Scroll            |     6 |     3 ||     9
       Potion            |     3 |     5 ||     8
 Stab: Distracted        |     1 |     2 ||     3
       Sleeping          |     2 |     3 ||     5
  Eat: Chunk             |     4 |     4 ||     8
Armor: Robe              |    37 |    11 ||    48
       Skin              |       |    36 ||    36
Dodge: Dodged            |    89 |    62 ||   151

Table legend:
 A = Non-vault XP
 B = Vault XP
 C = Vault XP percentage of total XP
 D = Non-vault monster count
 E = Vault monster count
 F = Vault count percentage of total count
                 A         B        C        D         E       F
            +---------+---------+-------+---------+---------+-------
      Total |     238 |     262 |  52.4 |      56 |      12 |  17.6
            +---------+---------+-------+---------+---------+-------
        D:1 |      40 |       0 |   0.0 |      24 |       0 |   0.0
        D:2 |      20 |       6 |  23.1 |      10 |       3 |  23.1
        D:3 |      82 |     256 |  75.7 |      19 |       9 |  32.1
        D:4 |      93 |       0 |   0.0 |       2 |       0 |   0.0
        D:5 |       3 |       0 |   0.0 |       1 |       0 |   0.0
            +---------+---------+-------+---------+---------+-------
